 Dungeon Crawl Stone Soup version 0.25-a0-38-g099c3e1 (webtiles) character file.

Game seed: 7805536814346018130, levelgen mode: deterministic

288992 BoppinsLewinski the Fencer (level 19, -6/117 HPs)
             Began as a Deep Elf Berserker on Oct 20, 2019.
             Was the Champion of Trog.
             Killed from afar by Jory (107 damage)
             ... with a crystal spear
             ... on level 2 of the Vaults on Oct 21, 2019.
             The game lasted 02:31:12 (45385 turns).

BoppinsLewinski the Fencer (Deep Elf Berserker)    Turns: 45385, Time: 02:31:42

Health: -6/117     AC: 47    Str: 20    XL:     19   Next: 90%
Magic:  31/31      EV:  9    Int: 19    God:    Trog [******]
Gold:   2246       SH: 29    Dex: 19    Spells: 18/18 levels left

rFire    + + .     SeeInvis .   e - +8 autumn katana {slice, Clar}
rCold    . . .     Gourm    .   m - +2 large shield {rN+}
rNeg     + . .     Faith    .   R - +10 crystal plate armour
rPois    +         Spirit   .   d - +5 helmet of Ogosav {rF+ Regen+}
rElec    .         Reflect  +   z - +2 cloak {rPois}
rCorr    .         Harm     .   S - +3 pair of gloves of Iboerr {Int+4}
MR       +++++     Clarity  +   k - +0 pair of boots
Stlth    ..........             M - brooch of Shielding {Reflect SH+8}
HPRegen  1.69/turn              L - ring of Uhull {rF+ MR++ Stlth+}
MPRegen  0.22/turn              U - ring "Putybod" {+Fly MR+ Dex+5}

@: regenerating
A: no striking features
}: 2/15 runes: decaying, serpentine
a: Berserk, Trog's Hand, Brothers in Arms, Renounce Religion, Evoke Flight


You were on level 2 of the Vaults.
You worshipped Trog.
Trog was exalted by your worship.
You were very hungry.

You visited 6 branches of the dungeon, and saw 33 of its levels.
You visited 1 bazaar.
You also visited: Ossuary, Bailey, Gauntlet and Ice Cave.

You collected 3409 gold pieces.
You spent 1163 gold pieces at shops.

Inventory:

Hand Weapons
 e - the +8 autumn katana (weapon) {slice, Clar}
   (You took it off an orc on level 4 of the Dungeon)

   It inflicts extra damage upon your enemies.
   It protects you against confusion.
Armour
 d - the +5 helmet of Ogosav (worn) {rF+ Regen+}
   (You bought it in a shop on level 2 of the Orcish Mines)

   It protects you from fire.
   It increases your rate of regeneration.
 k - a +0 pair of boots (worn)
 m - a +2 large shield of positive energy (worn)
 p - a scarf of cloud immunity
 z - a +2 cloak of poison resistance (worn)
 R - a +10 crystal plate armour (worn)
 S - the +3 pair of gloves of Iboerr (worn) {Int+4}
   (You found it in a Gauntlet)

   It affects your intelligence (+4).
Jewellery
 c - an uncursed ring of ice
 D - the amulet of Vitality {Regen+ HP+15}
   (You found it on level 3 of the Swamp)

   [amulet of regeneration]

   It affects your health (+15).
   It increases your rate of regeneration.
 L - the ring of Uhull (left hand) {rF+ MR++ Stlth+}
   (You found it on level 9 of the Dungeon)

   [ring of protection from fire]

   It protects you from fire.
   It affects your resistance to hostile enchantments.
   It makes you more stealthy.
 M - the brooch of Shielding (around neck) {Reflect SH+8}
   (You found it on level 6 of the Lair of Beasts)

   [amulet of reflection]

   It shields you and reflects attacks.
   It affects your SH (+8).
 U - the ring "Putybod" (right hand) {+Fly MR+ Dex+5}
   (You took it off a minotaur in a Gauntlet)

   [ring of flight]

   It affects your dexterity (+5).
   It affects your resistance to hostile enchantments.
   It lets you fly.
Wands
 o - a wand of disintegration (6)
 r - a wand of scattershot (1)
 y - a wand of iceblast (42)
 B - a wand of clouds (2)
 G - a wand of digging (12)
 N - a wand of paralysis (2)
 W - a wand of enslavement (14)
 Y - a wand of flame (17)
Scrolls
 f - a scroll of identify
 g - 4 scrolls of torment
 h - 8 scrolls of blinking
 n - 17 scrolls of remove curse
 u - a scroll of magic mapping
 v - 7 scrolls of fear
 w - 4 scrolls of holy word
 C - a scroll of fog
 I - 8 scrolls of teleportation
 O - 3 scrolls of immolation
 Z - 3 scrolls of summoning
Potions
 a - 8 potions of lignification
 i - a potion of might
 j - 4 potions of flight
 l - 9 potions of curing
 q - 3 potions of agility
 s - 2 potions of cancellation
 t - a potion of resistance
 x - 3 potions of heal wounds
 K - 2 potions of haste
 P - a potion of invisibility
 V - a potion of ambrosia
Miscellaneous
 E - a lightning rod (4/4)
 F - a lamp of fire
Comestibles
 b - 39 rations


   Skills:
 + Level 12.4 Fighting
   Level 5.1(13.1) Short Blades
 * Level 16.8(17.0) Long Blades
 + Level 11.9 Armour
 + Level 16.1 Dodging
 + Level 11.8 Shields
 + Level 14.2 Evocations


You had 18 spell levels left.
You didn't know any spells.
Your spell library was empty.

Dungeon Overview and Level Annotations

Branches:
Dungeon (15/15)            Temple (0/1) D:7            Lair (6/6) D:8
  Swamp (4/4) Lair:3        Snake (4/4) Lair:2        Slime (0/5) Lair:5
    Orc (2/2) D:11            Elf (0/3) Orc:2        Vaults (2/5) D:14
 Depths (0/5) D:15        Ossuary (visited)          Bailey (visited)
  IceCv (visited)         Gauntlet (visited)
  Crypt: Vaults:2-3

Altars:
Elyvilon
Gozag
Uskayaw
Beogh
Jiyva

Shops:
D:8 !   Orc:2 [?([   Snake:1 ?[[

Annotations:
Lair:2 exclusion: 2 oklob plants
Snake:4 Roxanne
Vaults:1 2 runed translucent doors, Acet's ghost, adept NaVM
Vaults:2 Jory


Message History

Jory be moderately damaged.
Tha orc knight roars a battlecry!
Jory hits ye wit' a +1 great sword o' protection!!
Ye block Jory's attack.
Ye hear a shout!
Ye miss Jory.
Jory be moderately damaged.
Ye hear a shout!
Ye hit Jory but do nay damage.
Jory be moderately damaged.
Ye block Jory's attack. x2
Ye hit Jory but do nay damage.
Jory be moderately damaged.
Ye slash Jory!
Jory be moderately damaged.
Ye hear a shout!
Jory gestures at ye while chantin'.
Tha crystal spear hits ye!!!!
Ouch! Tha re'lly hurt!
Ye die...

###
....
#..#
#..# #
#..# #.
#..#
#.##..#
#oV..#
#.##@.#
.. #..#


DOV #..# ... #..# .. #..# . #..# #..# #..# ################[.###### You could
see Jory and an orc knight.

Vanquished Creatures
  Saint Roka (Orc:2)
  Nikola (Swamp:2)
  The ghost of Coewkama the Severer, an adept MiBe of Trog (Snake:3)
  The ghost of Igheov the Warrior, an adept MfBe of Trog (Swamp:2)
  A sphinx (Vaults:1)
  Gastronok (Lair:2)
  Kirke (Snake:1)
  4 thorn hunters (Swamp:4)
  7 nagarajas
  A frost giant (D:13)
  2 vault wardens (Vaults:1)
  Aizul (Snake:1)
  3 ironheart preservers (Vaults:1)
  The ghost of jejorda2 the Grappler, a journeyman TrFi of Nemelex Xobeh (Lair:6)
  A minotaur (Gauntlet)
  6 ogre magi
  3 great orbs of eyes (Vaults:1)
  2 yaktaur captains
  19 hydras
  13 naga warriors
  5 anacondas
  An ice dragon (Vaults:1)
  3 catoblepae
  4 ghost crabs
  5 shambling mangroves
  2 deep troll shamans (Vaults:1)
  8 alligators
  2 death knights
  25 two-headed ogres
  5 centaur warriors
  4 death yaks
  A hell hog (Gauntlet)
  An orc high priest (Orc:2)
  8 naga sharpshooters
  12 shock serpents
  Sonja (D:11)
  3 deep elf knights (Vaults:1)
  A salamander mystic (Snake:1)
  The ghost of Sabo the Cleaver, a novice DsGl of Okawaru (D:8)
  4 skeletal warriors
  3 wizards
  9 swamp dragons
  4 unseen horrors
  5 naga ritualists
  A glowing orange brain (Vaults:1)
  6 spriggan druids
  3 ironbrand convokers
  2 deep trolls (Vaults:1)
  2 phantasmal warriors
  A deep elf archer (Vaults:1)
  A harpy (Vaults:1)
  A lindwurm (Lair:6)
  3 necromancers
  A deep elf mage (D:13)
  10 mana vipers
  4 orc knights
  10 cyclopes
  2 wolf spiders (Vaults:1)
  4 orc sorcerers (Orc:2)
  3 manticores
  The ghost of sangerfol the Digger, a novice OgEE (D:5)
  7 salamanders
  17 ugly things
  A moth of wrath (Lair:6)
  14 elephants
  Maurice (D:13)
  4 vault sentinels (Vaults:1)
  44 black mambas
  2 molten gargoyles (Lair:6)
  4 guardian serpents
  17 spiny frogs
  13 naga magi
  3 ice statues (IceCv)
  A gargoyle (D:12)
  4 rime drakes
  3 centaur skeletons
  A kobold demonologist (D:14)
  10 komodo dragons
  2 freezing wraiths
  10 ice devils (IceCv)
  6 yaktaurs
  8 trolls
  2 queen bees
  A polar bear (Lair:4)
  Grinder (D:6)
  12 tyrant leeches
  7 blink frogs
  18 hornets
  11 bog bodies
  10 hippogriffs
  2 harpy skeletons
  28 slime creatures
  Sigmund (D:4)
  3 flying skulls (Gauntlet)
  54 yaks
  3 shadows
  10 spriggans
  5 wyverns
  4 wraiths
  A yak (shapeshifter) (Vaults:1)
  4 fire bats (Gauntlet)
  7 hogs (Snake:1)
  2 basilisks
  A hungry ghost (D:15)
  2 steam dragons
  20 vampire mosquitoes
  63 nagas
  3 wargs
  14 swamp worms
  9 water moccasins
  2 acid dragons
  6 hell hounds
  12 swamp drakes
  5 porcupines
  34 orc warriors
  An eye of draining (shapeshifter) (Vaults:1)
  5 phantoms
  11 ice beasts
  A hornet zombie (D:9)
  A black bear (D:8)
  A boggart (Vaults:2)
  8 sky beasts
  32 ogres
  9 centaurs
  9 wolves
  3 necrophages
  A centaur (shapeshifter) (Vaults:1)
  7 crocodiles
  4 big kobolds
  2 gnoll sergeants
  23 bullfrogs
  2 water moccasin zombies
  2 wyvern skeletons
  3 scorpions
  14 wights
  42 killer bees
  An electric eel (Lair:2)
  4 howler monkeys
  4 crimson imps
  3 bullfrog zombies
  5 lava snakes (Lair:6)
  3 draconian simulacra (IceCv)
  7 hounds
  19 orc wizards
  A bullfrog skeleton (D:7)
  4 iguanas
  4 jellies
  16 orc priests
  2 troll simulacra (IceCv)
  14 worker ants
  7 big kobold zombies (Ossuary)
  2 centaur simulacra (IceCv)
  2 hound skeletons
  3 mummies
  2 naga simulacra (IceCv)
  24 gnolls
  An ogre simulacrum (IceCv)
  18 adders
  3 shadow imps
  5 oozes
  9 adder zombies
  An adder skeleton (D:9)
  7 worms
  3 leopard geckos
  65 orcs
  6 giant cockroaches
  A gnoll zombie (Ossuary)
  12 goblins
  17 hobgoblins
  7 jackals
  4 quokkas
  3 ball pythons
  8 bats
  6 frilled lizards
  A giant cockroach zombie (D:6)
  3 hobgoblin zombies (Ossuary)
  A jackal skeleton (D:4)
  45 kobolds
  4 kobold zombies (Ossuary)
  A leopard gecko skeleton (D:4)
  4 orc zombies (Ossuary)
  5 rats
  2 briar patches (Swamp:4)
1321 creatures vanquished.

Vanquished Creatures (collateral kills)
  A fire dragon (Lair:6)
  A hydra (Lair:6)
  3 death yaks
  A swamp dragon (Swamp:4)
  A wolf spider (Lair:6)
  3 elephants (Lair:5)
  A black mamba (Lair:6)
  A spiny frog (Lair:6)
  A blink frog (Lair:5)
  A hippogriff (Lair:6)
  A dream sheep (Lair:6)
  A water moccasin (Lair:5)
16 creatures vanquished.

Vanquished Creatures (others)
  An ice dragon (Swamp:4)
  5 naga sharpshooters
  A spriggan druid (Swamp:4)
  A cyclops (D:15)
  5 yaktaurs
  A swamp worm (Swamp:2)
  3 centaurs
  A killer bee (D:5)
  A kobold (Bailey)
  3 briar patches (Swamp:4)
  6 fungi
  16 plants
  2 withered plants (Snake:3)
46 creatures vanquished.

Grand Total: 1383 creatures vanquished

Notes
Turn   | Place    | Note
-------+----------+-------------------------------------------
     0 | D:1      | BoppinsLewinski the Deep Elf Berserker began the quest for
                  | the Orb.
     0 | D:1      | Reached XP level 1. HP: 13/13 MP: 3/3
   744 | D:1      | Reached XP level 2. HP: 18/18 MP: 4/4
  1857 | D:2      | Reached XP level 3. HP: 15/22 MP: 5/5
  2553 | D:2      | Reached ** piety under Trog
  2844 | D:3      | Noticed a +0 hand axe
  2844 | D:3      | Noticed a +0 dagger
  2845 | D:3      | Found a hide-covered altar of Uskayaw.
  3201 | D:3      | Reached XP level 4. HP: 27/27 MP: 6/6
  4376 | D:4      | Reached XP level 5. HP: 31/32 MP: 7/7
  4409 | D:4      | Found a sand-covered staircase.
  4482 | Ossuary  | Entered an ossuary
  4666 | Ossuary  | Reached skill level 1 in Shields
  4947 | Ossuary  | Reached XP level 6. HP: 32/37 MP: 8/8
  5009 | Ossuary  | Reached *** piety under Trog
  5026 | Ossuary  | Reached skill level 5 in Short Blades
  5436 | D:4      | Noticed Sigmund
  5461 | D:4      | Killed Sigmund
  5461 | D:4      | Reached skill level 1 in Long Blades
  5461 | D:4      | Reached XP level 7. HP: 24/41 MP: 9/9
  6024 | D:4      | Reached skill level 5 in Dodging
  6260 | D:5      | Entered Level 5 of the Dungeon
  6382 | D:5      | Reached XP level 8. HP: 42/48 MP: 10/10
  6415 | D:5      | Noticed sangerfol's ghost (novice OgEE)
  6435 | D:5      | Found a transporter.
  6437 | D:5      | Found a transporter.
  6782 | D:6      | Reached **** piety under Trog
  7178 | D:6      | Reached XP level 9. HP: 52/52 MP: 11/11
  7373 | D:6      | Reached skill level 5 in Long Blades
  7742 | D:6      | Noticed Grinder
  7750 | D:6      | Killed Grinder
  8078 | D:7      | Noticed a skeletal warrior
  8087 | D:7      | Killed a skeletal warrior
  8087 | D:7      | Reached skill level 5 in Fighting
  8366 | D:7      | Reached skill level 5 in Armour
  8677 | D:7      | Found a staircase to the Ecumenical Temple.
  9023 | D:8      | Reached ***** piety under Trog
  9097 | D:8      | Found Purisusu's Distillery.
  9337 | D:8      | Found a runed translucent gate.
  9337 | D:8      | Found a runed translucent gate.
  9337 | D:8      | Found a runed translucent gate.
  9339 | D:8      | Found an opulent altar of Gozag.
  9343 | D:8      | Noticed Sabo's ghost (novice DsGl)
  9351 | D:8      | Reached XP level 10. HP: 59/59 MP: 12/12
  9364 | D:8      | Killed Sabo's ghost
  9364 | D:8      | Reached skill level 1 in Evocations
  9472 | D:8      | Found a staircase to the Lair.
  9499 | D:8      | Noticed a two-headed ogre
  9552 | D:8      | Killed a two-headed ogre
 10047 | Lair:1   | Entered Level 1 of the Lair of Beasts
 10105 | Lair:1   | Reached skill level 5 in Shields
 10941 | Lair:1   | Reached XP level 11. HP: 64/64 MP: 15/15
 10987 | Lair:2   | Identified a scroll of acquirement
 11058 | Lair:2   | Noticed an oklob plant
 11161 | Lair:2   | Found a frozen archway.
 11189 | Lair:2   | Noticed Gastronok
 11193 | IceCv    | Entered an ice cave
 12076 | IceCv    | Reached skill level 5 in Evocations
 12351 | IceCv    | Noticed a necromancer
 12356 | IceCv    | Killed a necromancer
 12506 | Lair:2   | Killed Gastronok
 12506 | Lair:2   | Reached XP level 12. HP: 72/72 MP: 16/18
 13311 | Lair:2   | Received a gift from Trog
 13730 | Lair:2   | Found a staircase to the Snake Pit.
 14102 | Lair:3   | Found a staircase to the Swamp.
 14759 | Lair:3   | Reached skill level 10 in Dodging
 14786 | Lair:3   | Reached skill level 10 in Long Blades
 15243 | Lair:4   | Found a white marble altar of Elyvilon.
 16169 | Lair:4   | Noticed a catoblepas
 16169 | Lair:4   | Noticed a catoblepas
 16186 | Lair:4   | Killed a catoblepas
 16194 | Lair:4   | Killed a catoblepas
 16715 | Lair:5   | Noticed a death yak
 16716 | Lair:5   | Noticed a death yak
 16717 | Lair:5   | Noticed a death yak
 16728 | Lair:5   | Killed a death yak
 16732 | Lair:5   | Killed a death yak
 16737 | Lair:5   | Killed a death yak
 16877 | Lair:5   | Noticed a five-headed hydra
 16882 | Lair:5   | Killed a five-headed hydra
 16885 | Lair:5   | Reached XP level 13. HP: 56/78 MP: 20/20
 17050 | Lair:5   | Found a viscous altar of Jiyva.
 17051 | Lair:5   | Found a staircase to the Slime Pits.
 17846 | Lair:6   | Entered Level 6 of the Lair of Beasts
 17957 | Lair:6   | Received a gift from Trog
 17960 | Lair:6   | Noticed jejorda2's ghost (journeyman TrFi)
 18147 | Lair:6   | Found a transporter.
 18988 | Lair:6   | Found a transporter.
 20060 | Lair:6   | Found the brooch of Shielding {Reflect SH+8}
 20389 | Lair:6   | Reached XP level 14. HP: 40/84 MP: 22/22
 21358 | Lair:6   | Found a large runed translucent door.
 21556 | Lair:6   | Found a large runed translucent door.
 21960 | D:9      | Got a heavily runed gossamer ring
 21961 | D:9      | Identified the ring of Uhull {rF+ MR++ Stlth+} (You found
                  | it on level 9 of the Dungeon)
 22281 | D:9      | Reached ****** piety under Trog
 22890 | D:10     | Entered Level 10 of the Dungeon
 23879 | D:11     | Found a flagged portal.
 23885 | Bailey   | Entered a bailey
 24278 | D:11     | Found a staircase to the Orcish Mines.
 24565 | D:11     | Noticed Sonja
 24573 | D:11     | Killed Sonja
 24809 | D:11     | Received a gift from Trog
 25049 | Orc:1    | Entered Level 1 of the Orcish Mines
 25487 | Orc:1    | You fall into a shaft and drop 1 floor!
 25487 | Orc:2    | Entered Level 2 of the Orcish Mines
 25491 | Orc:2    | Found a roughly hewn altar of Beogh.
 25523 | Orc:2    | Found Reggegawn's Magic Scroll Boutique.
 25547 | Orc:2    | Found a staircase to the Elven Halls.
 25883 | Orc:2    | Found a roughly hewn altar of Beogh.
 25884 | Orc:2    | Found Fotuptok's Armour Boutique.
 26263 | Orc:2    | Found a roughly hewn altar of Beogh.
 26326 | Orc:2    | Found a roughly hewn altar of Beogh.
 26329 | Orc:2    | Received a gift from Trog
 26383 | Orc:2    | Found a roughly hewn altar of Beogh.
 26505 | Orc:2    | Found a roughly hewn altar of Beogh.
 26652 | Orc:2    | Found a roughly hewn altar of Beogh.
 26895 | Orc:2    | Noticed Saint Roka
 26916 | Orc:2    | Killed Saint Roka
 27013 | Orc:2    | Found Gecuw's Antique Armour Emporium.
 27014 | Orc:2    | Found a roughly hewn altar of Beogh.
 27015 | Orc:2    | Found Ymih's Antique Weapon Shoppe.
 27028 | Orc:2    | Bought a polished helmet for 304 gold pieces
 27094 | Orc:2    | Bought a scroll of identify for 28 gold pieces
 27094 | Orc:2    | Identified the +5 helmet of Ogosav {rF+ Regen+} (You bought
                  | it in a shop on level 2 of the Orcish Mines)
 27105 | Orc:2    | Bought a scroll of fog for 28 gold pieces
 27105 | Orc:2    | Bought a scroll of blinking for 105 gold pieces
 27105 | Orc:2    | Bought a scroll of enchant armour for 105 gold pieces
 27402 | D:12     | Found a gate leading to a gauntlet.
 27409 | Gauntlet | Entered a Gauntlet
 27409 | Gauntlet | Found a transporter.
 27409 | Gauntlet | Found a transporter.
 27410 | Gauntlet | Found a transporter.
 27410 | Gauntlet | Found a transporter.
 27413 | Gauntlet | Found a transporter.
 27413 | Gauntlet | Found a transporter.
 27423 | Gauntlet | Found a transporter.
 27427 | Gauntlet | Found a transporter.
 27443 | Gauntlet | Found a transporter.
 27547 | Gauntlet | Found a transporter.
 27549 | Gauntlet | Found a transporter.
 27551 | Gauntlet | Noticed an entropy weaver
 27559 | Gauntlet | Found a transporter.
 27650 | Gauntlet | Got a jewelled great sword
 27672 | Gauntlet | Received a gift from Trog
 27672 | Gauntlet | Reached XP level 15. HP: 90/90 MP: 24/24
 27755 | Gauntlet | Got a pair of crude gloves
 27759 | Gauntlet | Identified the +3 pair of gloves of Iboerr {Int+4} (You
                  | found it in a Gauntlet)
 27787 | Gauntlet | Identified the ring "Putybod" {+Fly MR+ Dex+5}
 29043 | Orc:2    | Bought a scroll of identify for 28 gold pieces
 29043 | Orc:2    | Bought a scroll of identify for 28 gold pieces
 29043 | Orc:2    | Bought a scroll of identify for 28 gold pieces
 29046 | Orc:2    | Reached skill level 10 in Fighting
 29046 | Orc:2    | Reached skill level 10 in Evocations
 29046 | Orc:2    | Reached XP level 16. HP: 97/97 MP: 24/26
 29309 | D:13     | Got a translucent plate armour
 29453 | D:13     | Noticed Maurice
 29482 | D:13     | Killed Maurice
 29519 | D:13     | Identified the +6 plate armour of the Okapi {Str+6 Int+2}
                  | (You found it on level 13 of the Dungeon)
 29757 | D:13     | Received a gift from Trog
 30506 | D:14     | Found an opulent altar of Gozag.
 30762 | D:14     | Found a gate to the Vaults.
 30841 | D:15     | Entered Level 15 of the Dungeon
 31341 | D:15     | Found a staircase to the Depths.
 32673 | Swamp:1  | Entered Level 1 of the Swamp
 32742 | Swamp:1  | Received a gift from Trog
 32874 | Swamp:1  | Found the cursed necklace of Bloodlust {*Rage +Rage MR++
                  | Int-3 Slay+6 *Curse}
 33603 | Swamp:2  | Reached XP level 17. HP: 76/103 MP: 27/27
 33614 | Swamp:2  | Received a gift from Trog
 33614 | Swamp:2  | Reached skill level 10 in Armour
 33680 | Swamp:2  | Noticed Nikola
 33695 | Swamp:2  | Killed Nikola
 34317 | Swamp:2  | Reached skill level 10 in Shields
 34429 | Swamp:2  | Found a runed translucent door.
 34431 | Swamp:2  | Noticed Igheov's ghost (adept MfBe)
 34583 | Swamp:2  | Killed Igheov's ghost
 34956 | Swamp:3  | Received a gift from Trog
 35588 | Swamp:3  | Found the amulet of Vitality {Regen+ HP+15}
 36075 | Swamp:4  | Entered Level 4 of the Swamp
 36827 | Swamp:4  | Reached skill level 15 in Long Blades
 37136 | Swamp:4  | Reached XP level 18. HP: 110/110 MP: 29/29
 37261 | Swamp:4  | Received a gift from Trog
 37339 | Swamp:4  | Got a decaying rune of Zot
 37448 | Snake:1  | Entered Level 1 of the Snake Pit
 37449 | Snake:1  | Noticed Aizul
 37948 | D:8      | Bought a potion of curing for 36 gold pieces
 37948 | D:8      | Bought a potion of curing for 36 gold pieces
 37948 | D:8      | Bought a potion of agility for 48 gold pieces
 37948 | D:8      | Bought a potion of resistance for 120 gold pieces
 37948 | D:8      | Bought a potion of might for 48 gold pieces
 38036 | Snake:1  | Found Naseos's Antique Armour Emporium.
 38043 | Snake:1  | Found Nacliupo's Magic Scroll Shoppe.
 38103 | Snake:1  | Killed Aizul
 38332 | Snake:1  | Noticed Kirke
 38364 | Snake:1  | Killed Kirke
 38442 | Snake:1  | Found Linkaewn's Armour Shoppe.
 39032 | Snake:2  | Received a gift from Trog
 39394 | Snake:2  | Reached skill level 15 in Dodging
 40159 | Snake:3  | Found a runed translucent door.
 40159 | Snake:3  | Noticed Coewkama's ghost (adept MiBe)
 40172 | Snake:3  | Killed Coewkama's ghost
 40417 | Snake:4  | Entered Level 4 of the Snake Pit
 40999 | Snake:4  | Noticed Roxanne
 41280 | Snake:4  | Received a gift from Trog
 41383 | Snake:4  | Reached XP level 19. HP: 115/116 MP: 31/31
 41996 | Snake:4  | Received a gift from Trog
 42215 | Snake:4  | Got a serpentine rune of Zot
 42458 | D:5      | Killed sangerfol's ghost
 42737 | Lair:6   | Killed jejorda2's ghost
 42871 | Lair:6   | Got a fine wooden ring
 43040 | Snake:1  | Bought a scroll of identify for 26 gold pieces
 43040 | Snake:1  | Identified the ring of the Five Seas {+Fly rPois Str-4
                  | Slay+3} (You found it on level 6 of the Lair of Beasts)
 43241 | Vaults:1 | Entered Level 1 of the Vaults
 43564 | Vaults:1 | Found a flickering gateway to a bazaar.
 43571 | Bazaar   | Entered a bazaar
 43573 | Bazaar   | Found Osui's Weapon Boutique.
 43577 | Bazaar   | Found Supruc's Assorted Antiques.
 43577 | Bazaar   | Found Heisaerch's Jewellery Boutique.
 43578 | Bazaar   | Found Viofoipn's General Store.
 43601 | Bazaar   | Bought a scroll of magic mapping for 80 gold pieces
 43601 | Bazaar   | Bought a potion of heal wounds for 115 gold pieces
 43931 | Vaults:1 | Received a gift from Trog
 44045 | Vaults:1 | Found a large runed translucent door.
 44045 | Vaults:1 | Found a large runed translucent door.
 44045 | Vaults:1 | Noticed Acet's ghost (adept NaVM)
 44532 | Vaults:1 | Received a gift from Trog
 45365 | Vaults:2 | Noticed Jory
 45385 | Vaults:2 | Killed from afar by Jory

Levels and vault maps discovered:
D:1:      mrwooster_arrival_statue_3, layout_basic, serial_rivers,
          chequers_serial_rivers_small_3, chequers_serial_rivers_micro_d,
          chequers_serial_rivers_small_3, chequers_serial_rivers_micro_c,
          chequers_serial_rivers_room_a
D:2:      layout_loops_ring, first_ration
D:3:      kennysheep_six_static_rooms, layout_basic, dancing_weapons_uskayaw,
          minmay_quadrilaterals
D:4:      layout_loops_ring, serial_forest, infiniplex_forest_lined_room_,
          infiniplex_forest_straight_4, infiniplex_forest_corner_1,
          infiniplex_forest_end_1, infiniplex_forest_lined_2,
          infiniplex_forest_straight_1, infiniplex_forest_straight_2,
          gup_ossuary_entry_pyramid, minmay_circle_x, uniq_sigmund
D:5:      layout_rooms, gammafunk_ghost_hive, minmay_bent
D:6:      layout_basic, uniq_grinder
D:7:      minmay_clustersquares, layout_loops_ring, minmay_temple_entry_fiery,
          minmay_small_thing
D:8:      cheibrodos_iron_armory, layout_loops_corners, lair_entry_dummy,
          ebering_ghost_gozag, serial_shops, shop
D:9:      layout_irregular_city
D:10:     layout_loops_corners, david_nohive_1
D:11:     layout_basic, orc_0_dummy, enter_bailey_3, uniq_sonja
D:12:     layout_stronghold, gauntlet_entry_generic
D:13:     cheibrodos_monumental, layout_rooms, uniq_maurice
D:14:     layout_basic, david_vaults_1, nicolae_gozag_seed_capital,
          minmay_misc_feat_plants
D:15:     grunt_enter_depths_snipers, layout_layer_cave, minmay_strange_pillars
Lair:1:   layout_roguey [special_room_bee], special_room, grunt_megastairs_3
Lair:2:   layout_regular_city, minmay_snake_entry_guardpost_large,
          portal_ice_cave_entry_ice_beasts, serial_bayou_shore_a,
          grunt_megastairs_2, minmay_lair_oklob_chamber, uniq_gastronok
Lair:3:   layout_hall_layers, skrybe_swamp_entry_bodies
Lair:4:   nzn_motion_control, layout_small_grid, basic_altar
Lair:5:   beast_lair_carwin_large_2, layout_hall_layers, slime_altar_1,
          infiniplex_staircase_pool_2
Lair:6:   cheibrodos_lair_end_hotspot, layout_cave_pods,
          gammafunk_ghost_berserking_beasts
Swamp:1:  layout_basic_swamp, evilmike_swamp_ruin_rubble_1
Swamp:2:  layout_basic_swamp, gammafunk_ghost_grave, evilmike_swamp_ruin_wall,
          uniq_nikola
Swamp:3:  layout_basic_swamp, hangedman_swamp_diagram, swamp_pool1,
          nicolae_swamp_hydra_murder_den
Swamp:4:  swamp, layout_basic_swamp, swamp_pool1
Snake:1:  layout_onion_interference, serial_shops, shop, evilmike_ambush
          [evilmike_ambush_outer_corners, evilmike_ambush_inner_pond],
          minmay_shoptagon, uniq_kirke, uniq_aizul
Snake:2:  layout_honeycomb
Snake:3:  layout_onion_interference, gammafunk_ghost_grave
Snake:4:  minmay_snake_end_coiled, layout_grid_shapes, lemuel_fruit_tree,
          uniq_roxanne
Orc:1:    layout_caves
Orc:2:    grunt_orc_community_town_hall, layout_caves,
          grunt_orc_community_big_house_1, grunt_orc_community_big_house_2,
          grunt_orc_community_house_1, grunt_orc_community_house_2,
          grunt_orc_community_house_1, grunt_orc_community_house_2,
          grunt_orc_community_house_2, grunt_orc_community_house_1
Vaults:1: advil_vaults_ghost_guards, vaults_room_fancy_cross,
          hangedman_vaults_slice, nicolae_vaults_an_arrangement,
          ontoclasm_vaults_eye, v_misc_3, nicolae_vaults_network_square,
          nicolae_vaults_asterisk, hangedman_vaults_variations,
          vaults_mumra_hex, nicolae_vaults_specimen_jars, vaults_room_door_ring,
          layout_vaults_chaotic_city, serial_shops, bzr_entry_road
Vaults:2: v_pattern_2, minmay_crypt_entry_necro_gods, v_misc_26,
          vaults_dpeg_diagonal, vaults_room_pools, vaults_dpeg_encased_lava,
          layout_vaults_quadrants, uniq_jory

Skill      XL: |  1  2  3  4  5  6  7  8  9 10 11 12 13 14 15 16 17 18 19 |
---------------+----------------------------------------------------------+-----
Armour         | 2 3 4 5 6 7 8 9 10 11 | 11.9
Dodging        | 3 4 5 6 7 8 9 10 11 12 13 14 15 16 | 16.1
Short Blades   | 4 5 |  5.1
Fighting       | 3 4 5 6 7 8 9 10 11 12 | 12.4
Shields        | 1 2 3 4 5 6 7 8 9 10 11 | 11.8
Long Blades    | 1 3 4 6 8 9 10 11 12 13 14 15 16 | 16.8
Evocations     | 3 5 7 8 9 10 11 12 13 14 | 14.2

Action                   |  1- 3 |  4- 6 |  7- 9 | 10-12 | 13-15 | 16-18 | 19-21 || total
-------------------------+-------+-------+-------+-------+-------+-------+-------++-------
Melee: Short sword       |   118 |   355 |       |       |       |       |       ||   473
       Spear             |    53 |       |       |       |       |       |       ||    53
       Katana            |       |    10 |   228 |   482 |  1183 |  1845 |   672 ||  4420
       Flail             |       |       |       |       |       |   148 |       ||   148
Invok: Berserk           |     7 |     6 |     2 |     7 |     8 |    10 |     1 ||    41
       Trog's Hand       |       |     1 |     1 |     2 |     1 |     6 |     4 ||    15
       Brothers in Arms  |       |       |       |     2 |     1 |     2 |     1 ||     6
 Abil: Evoke Flight      |       |       |       |       |       |     3 |       ||     3
Evoke: Wand              |       |       |       |    16 |    14 |    60 |     6 ||    96
       Lightning rod     |       |       |       |     2 |       |       |       ||     2
       Box of beasts     |       |       |       |       |       |     2 |       ||     2
  Use: Scroll            |     5 |     9 |     3 |    12 |    23 |    15 |     6 ||    73
       Potion            |       |     1 |       |     4 |     5 |    23 |     2 ||    35
 Stab: Distracted        |       |       |       |     1 |     1 |       |       ||     2
       Paralysed         |       |       |       |       |    11 |    14 |       ||    25
       Invisible         |       |       |       |       |       |     7 |     2 ||     9
       Confused          |       |       |       |       |       |     1 |       ||     1
  Eat: Chunk             |    10 |     6 |    10 |    15 |    29 |    24 |     7 ||   101
       Ration            |     1 |     2 |     2 |     5 |     6 |     9 |     2 ||    27
Armor: Animal skin       |     5 |       |       |       |       |       |       ||     5
       Ring mail         |    38 |   107 |       |       |       |       |       ||   145
       Chain mail        |       |     5 |    74 |    89 |       |       |       ||   168
       Plate armour      |       |       |       |    58 |   137 |       |       ||   195
       Crystal plate arm |       |       |       |       |   115 |   963 |   175 ||  1253
Dodge: Dodged            |    98 |   162 |    76 |   182 |   173 |   291 |    60 ||  1042
Block: Buckler           |       |    38 |    34 |    68 |   201 |       |       ||   341
       Large shield      |       |       |       |       |   399 |  2402 |   700 ||  3501
       Reflection        |       |       |       |       |    40 |   156 |    84 ||   280
       Rpst.: Katana     |       |       |    22 |    46 |    50 |    44 |    12 ||   174

Table legend:
 A = Non-vault XP
 B = Vault XP
 C = Vault XP percentage of total XP
 D = Non-vault monster count
 E = Vault monster count
 F = Vault count percentage of total count
                 A         B        C        D         E       F
            +---------+---------+-------+---------+---------+-------
      Total |  247372 |  165683 |  40.1 |     858 |     494 |  36.5
            +---------+---------+-------+---------+---------+-------
        D:1 |      24 |       0 |   0.0 |      13 |       0 |   0.0
        D:2 |      62 |       0 |   0.0 |      24 |       0 |   0.0
        D:3 |      65 |      29 |  30.9 |      20 |       9 |  31.0
        D:4 |     443 |     344 |  43.7 |      30 |       6 |  16.7
        D:5 |     328 |     987 |  75.1 |      13 |      11 |  45.8
        D:6 |    1227 |     286 |  18.9 |      23 |       1 |   4.2
        D:7 |     521 |    1183 |  69.4 |      16 |       6 |  27.3
        D:8 |    1391 |     962 |  40.9 |      13 |       4 |  23.5
        D:9 |    3968 |       0 |   0.0 |      43 |       0 |   0.0
       D:10 |    3397 |    1116 |  24.7 |      27 |      14 |  34.1
       D:11 |    4382 |     814 |  15.7 |      29 |       5 |  14.7
       D:12 |    4697 |       0 |   0.0 |      29 |       0 |   0.0
       D:13 |    2893 |   11677 |  80.1 |      17 |      18 |  51.4
       D:14 |   10078 |    2850 |  22.0 |      38 |       5 |  11.6
       D:15 |   13271 |    2455 |  15.6 |      29 |       3 |   9.4
     Lair:1 |     472 |    3196 |  87.1 |       2 |      33 |  94.3
     Lair:2 |    1979 |    5288 |  72.8 |      10 |      23 |  69.7
     Lair:3 |    4440 |     262 |   5.6 |      20 |       1 |   4.8
     Lair:4 |    2539 |    2850 |  52.9 |      12 |       4 |  25.0
     Lair:5 |    8538 |    2593 |  23.3 |      23 |       6 |  20.7
     Lair:6 |   16338 |   12427 |  43.2 |      47 |      36 |  43.4
    Swamp:1 |    5622 |       0 |   0.0 |      19 |       0 |   0.0
    Swamp:2 |   20725 |    6199 |  23.0 |      53 |       2 |   3.6
    Swamp:3 |   21221 |     999 |   4.5 |      50 |       1 |   2.0
    Swamp:4 |   16932 |   16633 |  49.6 |      31 |      24 |  43.6
    Snake:1 |    8641 |   17352 |  66.8 |      19 |      28 |  59.6
    Snake:2 |   18834 |       0 |   0.0 |      34 |       0 |   0.0
    Snake:3 |   11063 |    2743 |  19.9 |      22 |       1 |   4.3
    Snake:4 |   23987 |   23112 |  49.1 |      45 |      43 |  48.9
      Orc:1 |    2525 |       0 |   0.0 |      18 |       0 |   0.0
      Orc:2 |    2346 |   11802 |  83.4 |      18 |      67 |  78.8
   Vaults:1 |   25180 |   26210 |  51.0 |      51 |      37 |  42.0
   Vaults:2 |    9243 |       0 |   0.0 |      20 |       0 |   0.0
    Ossuary |       0 |     366 | 100.0 |       0 |      30 | 100.0
     Bailey |       0 |     360 | 100.0 |       0 |      34 | 100.0
      IceCv |       0 |    5699 | 100.0 |       0 |      24 | 100.0
   Gauntlet |       0 |    4889 | 100.0 |       0 |      18 | 100.0
            +---------+---------+-------+---------+---------+-------
